 Dungeon Crawl Stone Soup version 0.26-a0-597-gb535b0901c (webtiles) character file.

Game seed: 5419764433184915100

(classic levelgen) 56043 EnegeticOcto the Severer (level 14, -13/130 HPs)
             Began as a Deep Dwarf Fighter on Aug 26, 2020.
             Was the Champion of Makhleb.
             Engulfed by a cloud of flame (20 damage)
             ... on level 4 of the Swamp.
             The game lasted 00:10:33 (13007 turns).

EnegeticOcto the Severer (Deep Dwarf Fighter)      Turns: 13007, Time: 00:10:33

Health: -13/130    AC: 17    Str: 24    XL:     14   Next: 40%
Magic:  1/1        EV:  7    Int: 10    God:    Makhleb [******]
Gold:   450        SH: 13    Dex: 12    Spells: 13/13 levels left

rFire    . . .     SeeInvis .   b - +6 broad axe of Inquiry {vorpal, rC++}
rCold    + + .     Faith    .   c - +0 kite shield
rNeg     + . .     Spirit   .   z - +0 swamp dragon scales
rPois    +         Reflect  .   (no helmet)
rElec    .         Harm     .   (no cloak)
rCorr    .                      w - +2 pair of gloves
MR       ++...                  F - +2 pair of boots
Stlth    +.........             (no amulet)
HPRegen  0.00/turn              (no ring)
MPRegen  0.07/turn              (no ring)

@: grasped by roots, non-regenerating, constricted
A: damage resistance, heal wounds, negative energy resistance 1, sense
surroundings 2, no regeneration
a: Heal Wounds, Minor Destruction, Lesser Servant of Makhleb, Major Destruction,
Greater Servant of Makhleb, Renounce Religion


You were on level 4 of the Swamp.
You worshipped Makhleb.
Makhleb was exalted by your worship.
You visited 5 branches of the dungeon, and saw 24 of its levels.

You collected 1507 gold pieces.
You spent 1057 gold pieces at shops.

Inventory:

Hand Weapons
 a - a +1 broad axe of flaming
 b - the +6 broad axe of Inquiry (weapon) {vorpal, rC++}
   (You bought it in a shop on level 10 of the Dungeon)

   It inflicts extra damage upon your enemies.
   It greatly protects you from cold.
Missiles
 A - 4 throwing nets (quivered)
Armour
 c - a +0 kite shield (worn)
 o - a +0 chain mail
 r - a +2 pair of boots
 w - a +2 pair of gloves (worn)
 z - +0 swamp dragon scales (worn)
 F - a +2 pair of boots (worn)
Wands
 l - a wand of iceblast (39)
 s - a wand of flame (31) {@v4}
 G - a wand of acid (10) {@v1}
Scrolls
 e - 2 scrolls of identify {@r1}
 f - 3 scrolls of magic mapping {@r5}
 g - 3 scrolls of immolation {@r4}
 h - 3 scrolls of fog
 i - 6 scrolls of remove curse {@r2}
 n - 6 scrolls of fear
 p - 2 scrolls of blinking
 x - 3 scrolls of teleportation {@r3}
 E - a scroll of vulnerability
Potions
 d - 4 potions of might {@q3}
 j - a potion of invisibility
 k - a potion of magic
 m - 2 potions of stabbing {@q5}
 q - 4 potions of curing {@q1}
 t - 5 potions of mutation
 u - 4 potions of flight
 v - a potion of haste {@q4}
 y - 2 potions of berserk rage
 B - 2 potions of heal wounds {@q2}
 C - a potion of resistance {@q6}
Miscellaneous
 H - a tin of tremorstones (inert)


   Skills:
 + Level 9.9 Fighting
 * Level 15.3 Axes
 + Level 11.7 Armour
 + Level 11.6 Shields
 * Level 14.5 Invocations


You had 13 spell levels left.
You didn't know any spells.
Your spell library was empty.

Dungeon Overview and Level Annotations

Branches:
Dungeon (12/15)            Temple (1/1) D:5            Lair (6/6) D:8
  Swamp (3/4) Lair:4        Snake (0/4) Lair:4          Orc (1/2) D:12
  Slime: Lair:5-6

Altars:
Ashenzari
Cheibriados
Dithmenos
Elyvilon
Fedhas
Gozag
Hepliaklqana
Kikubaaqudgha
Makhleb
Nemelex Xobeh
Okawaru
Qazlal
Ru
Sif Muna
Trog
Uskayaw
Vehumet
Wu Jian
Xom
Yredelemnul
Zin
The Shining One
Beogh
Jiyva

Shops:
D:5 !   D:8 *   D:10 [(   D:12 *}(}

Annotations:
D:12 3 runed translucent doors, HoaS's ghost, journeyman FoFi; p0werm0de's ghost, journeyman MiFi
Lair:6 1 runed translucent door


Innate Abilities, Weirdness & Mutations

You are resistant to damage.
You can heal yourself by infusing magical energy.
You resist negative energy. (rN+)
You passively map the area around you.
You do not regenerate.


Message History

The four-headed hydra bites you but does no damage.
Evoke which item? (* to show all) (? for menu, Esc to quit)
The tremorstone explodes into fragments!
The burst of rock shards engulfs the swamp worm!
Flame seeps out of the swamp worm.
The burst of rock shards engulfs the tyrant leech!
Flame seeps out of the tyrant leech.
The burst of rock shards engulfs the tyrant leech!!
Flame seeps out of the tyrant leech.
The burst of rock shards engulfs the swamp worm!
The tin is emptied!
You hear a shout!
You hear a roar! x2; You hear a shout! x2
The swamp worm is engulfed in blazing flames.
The swamp worm explodes!
The fiery explosion engulfs the tyrant leech!!!
The tyrant leech explodes!
The fiery explosion engulfs the five-headed hydra!!
Flame seeps out of the five-headed hydra.
The five-headed hydra is moderately wounded.
The fiery explosion engulfs the tyrant leech!!!
The tyrant leech explodes!
The fiery explosion engulfs the four-headed hydra!!!
Flame seeps out of the four-headed hydra.
The four-headed hydra is heavily wounded.
The fiery explosion engulfs the hornet!!
The hornet explodes!
The fiery explosion engulfs you! Makhleb accepts your kill.
The fiery explosion engulfs you!! Makhleb accepts your kill.
The fiery explosion engulfs the four-headed hydra!!
Flame seeps out of the four-headed hydra.
The four-headed hydra is almost dead.
The fiery explosion engulfs you but does no damage.
Makhleb accepts your kill. x2
You feel better.
The five-headed hydra is engulfed in blazing flames.
Flame seeps out of the five-headed hydra.
A spriggan rider comes into view. It is wielding a +0 spear.
A slime creature comes into view.
The tyrant leech is engulfed in blazing flames.
Flame seeps out of the tyrant leech.
The four-headed hydra is engulfed in a cloud of scalding steam.
The four-headed hydra explodes!
The fiery explosion engulfs you!!
* * * LOW HITPOINT WARNING * * *
The fiery explosion engulfs the five-headed hydra!!!
The five-headed hydra explodes!
The tree smoulders and burns.
The fiery explosion engulfs you!!
* * * LOW HITPOINT WARNING * * *
Makhleb accepts your kill.
You feel better. Makhleb accepts your kill.
You feel better.
You feel much better.
You are engulfed in blazing flames.
The grasping roots constrict you!
You block the shambling mangrove's attack.
The tyrant leech is engulfed in blazing flames.
Flame seeps out of the tyrant leech.
The tyrant leech bites you.
The tyrant leech draws strength from your injuries!
Your magical essence is drained by the effort!
You feel much better.
You are engulfed in blazing flames.
A spriggan rider comes into view. It is wielding a +0 spear.
A swamp drake comes into view. x2
The cane toad is engulfed in a cloud of scalding steam.
The grasping roots constrict you!
You block the shambling mangrove's attack.
The tyrant leech is engulfed in blazing flames.
Flame seeps out of the tyrant leech.
You block the tyrant leech's attack.
You slash the tyrant leech!
Flame seeps out of the tyrant leech. x2
The tyrant leech is severely wounded.
You hit the shambling mangrove but do no damage.
You slash the cane toad! You barely miss the shambling mangrove.
You are engulfed in blazing flames.
The cane toad stings you!
* * * LOW HITPOINT WARNING * * *
A slime creature comes into view.
The shambling mangrove hits you!
* * * LOW HITPOINT WARNING * * *
x2 The grasping roots constrict you.
You block the shambling mangrove's attack.
The tyrant leech is engulfed in blazing flames.
Flame seeps out of the tyrant leech.
The tyrant leech bites you but does no damage.
You block the spriggan rider's attack.
An eight-headed hydra comes into view.
Your magical essence is drained by the effort!
You feel much better.
You are engulfed in blazing flames.
* * * LOW HITPOINT WARNING * * *
The slime creature quivers.
You block the cane toad's attack.
The spriggan rider hits you from afar with a +0 spear.
* * * LOW HITPOINT WARNING * * *
The cane toad completely misses you. The shambling mangrove hits you!!
* * * LOW HITPOINT WARNING * * *
x2 The grasping roots constrict you.
Press: ? - help, Dir - move target cursor The roots' grasp on you weakens, but your attempt to escape fails.
As you read the scroll of blinking, it crumbles to dust.
You are engulfed in blazing flames.
You die...

, , * * ≈ ,* ##≈
.♣♣ * , * ♣≈≈ ≈ .≈
* ≈** §≈≈≈, ≈≈≈♣♣
* * * .. **.?$♣ *
,, , ≈ *
♣≈♣♣♣≈≈≈≈♣♣
♣D§♣♣§°§♣§§≈≈.♣ ,
≈♣$≈≈§§§f≈§≈≈≈♣
*≈.≈≈≈≈§§@w....≈≈,
...≈≈≈§Ff§☼≈..≈≈
♣≈♣..§.iw§§≈.(≈≈
,* ♣
♣≈.§§Ji≈§≈.≈≈≈≈ *
♣....<.≈≈≈≈♣≈§. *
♣.≈.k≈≈≈≈$♣♣ ♣♣ *
* ♣♣≈≈J≈≈≈[♣♣ ,
≈♣♣♣.≈≈.§♣ * ≈≈ ≈
≈ ≈ * , *


You could see 2 shambling mangroves, an eight-headed hydra, a tyrant leech
(inner flame), 2 slime creatures, 2 spriggan riders, a cane toad, a swamp worm
and a swamp drake.

Vanquished Creatures
  Kirke (Swamp:3)
  6 hydras
  A catoblepas (Lair:6)
  4 two-headed ogres
  4 alligators
  4 death yaks (Lair:6)
  A queen ant (Lair:2)
  Urug (D:10)
  Nergalle (Lair:1)
  13 spriggans
  An unseen horror (D:12)
  2 ugly things
  An orc knight (Orc:1)
  A deep elf mage (D:10)
  A cyclops (D:12)
  2 manticores (D:12)
  2 black mambas (Lair:6)
  Joseph (D:9)
  7 cane toads
  3 gargoyles
  A rime drake (Lair:6)
  6 komodo dragons
  Maggie (D:6)
  4 trolls
  4 polar bears (Lair:6)
  3 tyrant leeches
  6 hippogriffs
  4 hornets
  4 slime creatures (Swamp:3)
  8 dream sheep
  A shadow (Swamp:3)
  41 yaks
  3 basilisks
  Menkaure (D:7)
  2 swamp worms
  2 wargs (Orc:1)
  A naga (Lair:4)
  20 soldier ants (Lair:2)
  9 water moccasins
  Duvessa (D:7)
  5 porcupines
  2 black bears (Lair:6)
  4 orc warriors (Orc:1)
  3 ice beasts
  5 phantoms
  4 sky beasts
  2 necrophages
  29 wolves
  4 ogres
  5 boggarts (Lair:6)
  9 centaurs
  9 crocodiles
  3 big kobolds
  13 bullfrogs
  A gnoll sergeant (D:7)
  Dowan (D:7)
  A wyvern skeleton (D:11)
  A water moccasin skeleton (D:5)
  9 scorpions
  6 killer bees (D:8)
  13 wights (D:11)
  3 howler monkeys (D:12)
  2 bullfrog skeletons (D:7)
  3 bullfrog zombies
  6 hounds
  9 orc priests
  A jelly (D:3)
  10 orc wizards
  A centaur skeleton (D:5)
  3 iguanas
  20 worker ants
  4 hound skeletons
  2 worker ant zombies
  11 gnolls
  10 adders
  3 shadow imps
  2 white imps
  2 ufetubi
  2 oozes
  4 adder skeletons
  An adder zombie (D:7)
  2 worms (D:3)
  4 dart slugs
  4 leopard geckos
  50 orcs
  3 giant cockroaches
  7 goblins
  10 hobgoblins
  13 jackals
  4 quokkas
  4 ball pythons
  6 bats
  5 frilled lizards
  A jackal skeleton (D:4)
  15 kobolds
  A leopard gecko skeleton (D:4)
  6 rats
  A spectral orc (D:5)
543 creatures vanquished.

Vanquished Creatures (collateral kills)
  An orc high priest (Orc:1)
  A cyclops (Orc:1)
  An orc warrior (Orc:1)
3 creatures vanquished.

Vanquished Creatures (others)
  A hippogriff (Lair:6)
  13 fungi
  25 plants
39 creatures vanquished.

Grand Total: 585 creatures vanquished

Notes
Turn   | Place    | Note
-------+----------+-------------------------------------------
     0 | D:1      | EnegeticOcto the Deep Dwarf Fighter began the quest for the
                  | Orb.
     0 | D:1      | Reached XP level 1. HP: 20/20 MP: 1/1
   101 | D:2      | Reached XP level 2. HP: 14/27 MP: 2/2
   266 | D:3      | Reached skill level 3 in Axes
   266 | D:3      | Reached XP level 3. HP: 32/33 MP: 3/3
   408 | D:4      | Reached XP level 4. HP: 39/42 MP: 4/4
   539 | D:4      | Noticed an ogre
   542 | D:4      | Reached skill level 4 in Axes
   550 | D:4      | Killed an ogre
   550 | D:4      | Reached XP level 5. HP: 35/49 MP: 5/5
   733 | D:4      | Reached XP level 6. HP: 38/57 MP: 5/5
   806 | D:4      | Found a shimmering blue altar of Sif Muna.
   924 | D:5      | Entered Level 5 of the Dungeon
   958 | D:5      | Reached skill level 5 in Axes
   972 | D:5      | Found a blossoming altar of Fedhas.
  1003 | D:5      | Reached XP level 7. HP: 58/64 MP: 5/5
  1087 | D:5      | Reached skill level 5 in Armour
  1087 | D:5      | Reached skill level 5 in Shields
  1108 | D:5      | Reached skill level 6 in Axes
  1374 | D:5      | Found Nuqon's Distillery.
  1382 | D:5      | Bought a potion of haste for 110 gold pieces
  1546 | D:5      | Found a staircase to the Ecumenical Temple.
  1581 | D:5      | Found a sacrificial altar of Ru.
  1666 | D:5      | Found a basalt altar of Yredelemnul.
  1704 | D:6      | Noticed Maggie
  1748 | Temple   | Entered the Ecumenical Temple
  2134 | D:6      | Killed Maggie
  2134 | D:6      | Reached skill level 7 in Axes
  2134 | D:6      | Reached XP level 8. HP: 62/73 MP: 6/6
  2181 | D:6      | Found a glowing golden altar of the Shining One.
  2246 | D:6      | Found a white marble altar of Elyvilon.
  2248 | D:6      | Reached skill level 5 in Fighting
  2335 | D:6      | Found a hazy altar of Hepliaklqana.
  2653 | D:2      | You fall into a shaft and drop 2 floors!
  3397 | D:2      | Found a glowing silver altar of Zin.
  3708 | D:2      | Found an ancient bone altar of Kikubaaqudgha.
  3982 | D:3      | Reached skill level 8 in Axes
  4597 | D:7      | Gained mutation: You passively map the area around you.
                  | [Deep Dwarf growth]
  4597 | D:7      | Reached XP level 9. HP: 42/81 MP: 1/1
  4625 | D:7      | Reached skill level 9 in Axes
  4650 | D:7      | Found a bloodstained altar of Trog.
  4704 | D:7      | Found a shimmering altar of Xom.
  4706 | D:7      | Found a stormy altar of Qazlal.
  5043 | D:7      | Noticed Menkaure
  5050 | D:7      | Killed Menkaure
  5065 | D:7      | Reached skill level 10 in Axes
  5073 | D:7      | Found a burning altar of Makhleb.
  5076 | D:7      | Became a worshipper of Makhleb the Destroyer
  5161 | D:7      | Noticed Duvessa
  5161 | D:7      | Noticed Dowan
  5168 | D:7      | Killed Duvessa
  5168 | D:7      | Reached skill level 1 in Invocations
  5175 | D:7      | Killed Dowan
  5201 | D:7      | Found a shimmering blue altar of Sif Muna.
  5646 | D:8      | Found a staircase to the Lair.
  5656 | D:8      | Reached XP level 10. HP: 49/92 MP: 2/2
  5719 | D:8      | Found Fimu's Elemental Accessories.
  6435 | D:9      | Reached * piety under Makhleb
  6459 | D:9      | Noticed a gargoyle
  6463 | D:9      | Killed a gargoyle
  6468 | D:9      | Noticed a two-headed ogre
  6477 | D:9      | Killed a two-headed ogre
  6477 | D:9      | Reached skill level 5 in Invocations
  6521 | D:9      | Reached skill level 11 in Axes
  6704 | D:9      | Noticed Joseph
  6718 | D:9      | Killed Joseph
  6920 | D:9      | Noticed a gargoyle
  6933 | D:9      | Killed a gargoyle
  6933 | D:9      | Reached XP level 11. HP: 46/100 MP: 4/6
  6973 | D:9      | Found a stormy altar of Qazlal.
  7391 | D:10     | Entered Level 10 of the Dungeon
  7416 | D:10     | Found Ysuta's Antique Armour Shoppe.
  7424 | D:10     | Noticed a deep elf mage
  7434 | D:10     | Killed a deep elf mage
  7442 | D:10     | Bought a pair of glowing gloves for 247 gold pieces
  7451 | D:10     | Noticed Urug
  7478 | D:10     | Killed Urug
  7679 | D:10     | Found Gusaerut's Weapon Emporium.
  7782 | D:10     | Reached ** piety under Makhleb
  7936 | D:10     | Found a roughly hewn altar of Beogh.
  8394 | D:11     | Noticed a white ugly thing
  8409 | D:11     | Killed a white ugly thing
  8409 | D:11     | Reached skill level 12 in Axes
  8550 | D:11     | Noticed a two-headed ogre
  8558 | D:11     | Killed a two-headed ogre
  9013 | D:12     | Reached *** piety under Makhleb
  9064 | D:12     | Found Dostrurukh's Gadget Shop.
  9071 | D:12     | Found a staircase to the Orcish Mines.
  9074 | D:12     | Found a runed translucent gate.
  9075 | D:12     | Found a runed translucent gate.
  9076 | D:12     | Found a runed translucent gate.
  9079 | D:12     | Noticed p0werm0de's ghost (journeyman MiFi)
  9079 | D:12     | Noticed HoaS's ghost (journeyman FoFi)
  9122 | D:12     | Noticed a red ugly thing
  9129 | D:12     | Killed a red ugly thing
  9129 | D:12     | Reached XP level 12. HP: 110/110 MP: 7/7
  9177 | D:12     | Found Fyifik's Antique Weapon Shoppe.
  9194 | Orc:1    | Entered Level 1 of the Orcish Mines
  9230 | Orc:1    | Reached skill level 10 in Invocations
  9308 | Orc:1    | Reached **** piety under Makhleb
  9322 | Orc:1    | Noticed an orc high priest
  9366 | Orc:1    | Killed an orc high priest
  9750 | D:10     | Bought the +6 broad axe of Inquiry {vorpal, rC++} for 665
                  | gold pieces
  9834 | D:12     | Noticed a two-headed ogre
  9850 | D:12     | Killed a two-headed ogre
  9852 | D:12     | Reached skill level 13 in Axes
  9852 | D:12     | Reached skill level 10 in Armour
  9852 | D:12     | Reached skill level 10 in Shields
  9865 | D:12     | Noticed a two-headed ogre
  9873 | D:12     | Killed a two-headed ogre
  9874 | D:12     | Found Luem's Gadget Emporium.
 10079 | D:12     | Found Voom's Assorted Antiques.
 10089 | D:12     | Bought a scroll labeled VIZOON LOED for 35 gold pieces
 10360 | Lair:1   | Entered Level 1 of the Lair of Beasts
 10360 | Lair:1   | Noticed Nergalle
 10375 | Lair:1   | Killed Nergalle
 10479 | Lair:1   | You fall into a shaft and drop 1 floor!
 10943 | Lair:2   | Noticed a queen ant
 10956 | Lair:2   | Killed a queen ant
 10956 | Lair:2   | Reached XP level 13. HP: 120/120 MP: 5/5
 10970 | Lair:2   | Reached ***** piety under Makhleb
 11366 | Lair:3   | You fall into a shaft and drop 3 floors!
 11366 | Lair:6   | Entered Level 6 of the Lair of Beasts
 11472 | Lair:6   | Reached skill level 14 in Axes
 11826 | Lair:6   | Reached ****** piety under Makhleb
 12031 | Lair:6   | Found a runed translucent door.
 12032 | Lair:6   | Found a viscous altar of Jiyva.
 12108 | Lair:5   | Found a burning altar of Makhleb.
 12727 | Lair:4   | Found a staircase to the Swamp.
 12740 | Lair:4   | Gained mutation: You resist negative energy. (rN+) [Deep
                  | Dwarf growth]
 12740 | Lair:4   | Reached XP level 14. HP: 55/129 MP: 4/4
 12812 | Lair:4   | Found a staircase to the Snake Pit.
 12857 | Swamp:1  | Entered Level 1 of the Swamp
 12947 | Swamp:2  | Reached skill level 15 in Axes
 12977 | Swamp:3  | Noticed Kirke
 12992 | Swamp:3  | Killed Kirke
 12997 | Swamp:3  | You fall into a shaft and drop 1 floor!
 12997 | Swamp:4  | Entered Level 4 of the Swamp
 13007 | Swamp:4  | Engulfed by a cloud of flame

Illustrated notes

Levels and vault maps discovered:
D:1:      minmay_arrival_diagonal_passages, layout_basic
D:2:      layout_loops_ring, overflow_temple_1_default, zin_statuary,
          glass_columns_b
D:3:      layout_basic
D:4:      layout_cave_pools, kennysheep_little_box, grunt_ministairs_9,
          minmay_distorted
D:5:      layout_basic, yredelemnul_forgotten_temple_becter,
          nicolae_ru_path_of_blood, fedhas_altar_2, minmay_temple_entry_trees,
          serial_shops, shop, grunt_decor_mini_mirrors, abandoned_shop,
          minmay_fountain_box, minmay_chambers_of_fives
D:6:      layout_cave_pools, old_standard_altar, nicolae_overflow_crystal_walls,
          elyvilon_altar_5, uniq_maggie
D:7:      layout_loops_corners, lemuel_doored_altar, overflow_temple_1_default,
          chequers_temple_overflow_statue_of_worship, led_sif_pool,
          uniq_duvessa, uniq_menkaure
D:8:      layout_loops_ring, david_lair_generic, nicolae_elemental_shop,
          onia_ninara_dug_in_and_dangerous
D:9:      layout_basic, chequers_jeans, nicolae_qazlal_eye_of_the_storm,
          uniq_joseph
D:10:     layout_basic, serial_shops, shop, nicolae_shop_waterfront,
          kennysheep_nondescript, david_defended_altar_orc, uniq_urug
D:11:     layout_roguey
D:12:     layout_cave_pools, orc_0_dummy, serial_shops, nicolae_shop_waterfront,
          shop, shop, shop, gammafunk_ghost_cemetery, drop_trap,
          minmay_quadrilaterals
Temple:   compressed_dpeg_triangle_lava_temple
Lair:1:   layout_gridlike, grunt_megastairs_5, uniq_nergalle
Lair:2:   layout_hall_layers, serial_forest, infiniplex_forest_clump_curved,
          infiniplex_forest_straight_3, infiniplex_forest_fountain,
          infiniplex_forest_side_room, infiniplex_forest_lined_room_2,
          minivault_29
Lair:3:   layout_roguey [special_room_bee], basic_altar, minivault_11,
          infiniplex_staircase_pool, serial_bayou_shore_a,
          minmay_lair_oklob_chamber
Lair:4:   minmay_lair_oklob_tunnel, layout_regular_city, swamp_mist_pool,
          guppyfry_snake_entry_island, small_statue_intersection,
          beast_lair_carwin_8, uniq_sonja
Lair:5:   layout_gridlike, basic_altar, lemuel_fruit_fields
Lair:6:   minmay_lair_end_enchanted_forest, layout_regular_city, slime_altar_2
Swamp:1:  layout_falls_marsh, nicolae_swamp_trees_clearing
Swamp:2:  layout_basic_swamp, evilmike_swamp_ruin_house_4, uniq_roxanne
Swamp:3:  layout_falls_marsh, evilmike_swamp_ruin_rubble_1, swamp_pool3,
          nicolae_swamp_necromancer_hut, uniq_kirke
Swamp:4:  byrel_swamp_growth_death_and_undeath, layout_basic_swamp
Orc:1:    layout_caves, okawaru_metal_pillars_1_2

Skill      XL: |  1  2  3  4  5  6  7  8  9 10 11 12 13 14 |
---------------+-------------------------------------------+-----
Axes           | 3 4 5 7 8 10 11 12 13 14 15 | 15.3
Fighting       | 3 4 5 6 7 8 9 |  9.9
Armour         | 4 5 6 7 8 9 10 11 | 11.7
Shields        | 4 5 6 7 8 9 10 11 | 11.6
Invocations    | 2 6 9 11 13 14 | 14.5

Action                   |  1- 3 |  4- 6 |  7- 9 | 10-12 | 13-15 || total
-------------------------+-------+-------+-------+-------+-------++-------
Melee: War axe           |    95 |   110 |    73 |       |       ||   278
       Broad axe         |       |       |   348 |   677 |   482 ||  1507
Invok: Lesser Servant of |       |       |       |     2 |       ||     2
 Abil: Heal Wounds       |     1 |     7 |    28 |    33 |    23 ||    92
Evoke: Wand              |       |       |     3 |       |       ||     3
       Tin of tremorston |       |       |       |       |     3 ||     3
  Use: Scroll            |       |       |    19 |     9 |     3 ||    31
       Potion            |       |       |     3 |     1 |     1 ||     5
 Stab: Paralysed         |       |       |     4 |       |       ||     4
       Petrified         |       |       |       |       |     4 ||     4
Armor: Scale mail        |    39 |    39 |   138 |       |       ||   216
       Chain mail        |       |       |     8 |   296 |       ||   304
       Swamp dragon scal |       |       |       |    49 |   248 ||   297
Dodge: Dodged            |    33 |    32 |   131 |   218 |   213 ||   627
Block: Kite shield       |    51 |    48 |   252 |   490 |   367 ||  1208

Table legend: (Time is in decaauts)
 A = Elapsed time spent in this place.
 B = Non-inter-level travel time spent in this place.
 C = Inter-level travel time spent in this place.
 D = Time resting spent in this place.
 E = Time spent auto-exploring this place.
 F = Levels seen in this place.
 G = Mean time per level.
                   A        B        C        D        E       F      G
               +--------+--------+--------+--------+--------+-----+--------+
         Total |  13190 |  12152 |   1038 |      4 |   8954 |  24 |  549.6 |
       Dungeon |   9803 |   8906 |    897 |      4 |   6695 |  12 |  816.9 |
        Temple |    307 |    298 |      9 |      0 |    295 |   1 |  307.0 |
          Lair |   2459 |   2373 |     86 |      0 |   1655 |   6 |  409.8 |
         Swamp |    142 |    142 |      0 |      0 |     18 |   4 |   35.5 |
  Orcish Mines |    478 |    434 |     44 |      0 |    291 |   1 |  478.0 |
               +--------+--------+--------+--------+--------+-----+--------+

Top non-repeatable levels by time:
     D:7: 1090 daAuts
     D:9: 1036 daAuts
    D:10: 961 daAuts
     D:3: 921 daAuts
     D:5: 884 daAuts
  Lair:2: 870 daAuts
    D:11: 780 daAuts
     D:2: 779 daAuts
     D:8: 767 daAuts
    D:12: 747 daAuts
  Lair:6: 683 daAuts
     D:1: 671 daAuts
  Lair:5: 649 daAuts
     D:4: 623 daAuts
     D:6: 539 daAuts
